 Dungeon Crawl Stone Soup version 0.25-a0-44-g29a1220a87 (webtiles) character file.

Game seed: 9153094611772088166, levelgen mode: deterministic

11 Alarkh the Skirmisher (level 2, 15/24 HPs)
             Began as a Demonspawn Fighter on Oct 23, 2019.
             Got out of the dungeon alive.
             The game lasted 00:00:17 (147 turns).

Alarkh the Skirmisher (Demonspawn Fighter)           Turns: 147, Time: 00:00:17

Health: 15/24      AC:  6    Str: 16    XL:     2   Next: 17%
Magic:  2/2        EV:  6    Int:  9    God:
Gold:   0          SH:  8    Dex: 12    Spells: 1/1 levels left

rFire    . . .     SeeInvis .   a - +0 long sword
rCold    . . .     Gourm    .   c - +0 shield
rNeg     . . .     Faith    .   b - +0 scale mail
rPois    .         Spirit   .   (no helmet)
rElec    .         Reflect  .   (no cloak)
rCorr    .         Harm     .   (no gloves)
MR       .....                  (no boots)
Stlth    +.........             (no amulet)
HPRegen  0.08/turn              (no ring)
MPRegen  0.08/turn              (no ring)

@: no status effects
A: nightstalker 1
a: no special abilities


You escaped.
You were not hungry.

You visited 1 branch of the dungeon, and saw 1 of its levels.

Inventory:

Hand Weapons
 a - a +0 long sword (weapon)
Armour
 b - a +0 scale mail (worn)
 c - a +0 shield (worn)
Scrolls
 g - a scroll of identify {unknown}
Potions
 d - a potion of might
 e - a potion of mutation {unknown}
Comestibles
 f - a ration
 h - 6 chunks of flesh


   Skills:
 - Level 3.0 Fighting
 + Level 2.6 Long Blades
 - Level 2.6 Armour
 - Level 2.6 Shields


You had one spell level left.
You didn't know any spells.
Your spell library was empty.

Dungeon Overview and Level Annotations

Branches:
Dungeon (1/15)

Altars:


Innate Abilities, Weirdness & Mutations

You are slightly more attuned to the shadows.


Message History

The giant cockroach bites you but does no damage.
Your shield and scale mail prevent you from hitting the giant cockroach.
The giant cockroach is heavily wounded.
The giant cockroach bites you but does no damage.
You slash the giant cockroach!
You kill the giant cockroach!
The bat barely misses you. The bat hits you but does no damage.
The bat barely misses you.
You see here a leopard gecko corpse.
You miss the bat.
The bat is severely wounded.
You block the bat's attack. The bat hits you but does no damage.
You hit the bat.
You kill the bat!
You see here a bat corpse.
Found a scroll labeled ZUEWUATRAWN.
There is a staircase leading out of the dungeon here.
Are you sure you want to leave the Dungeon?
This will make you lose the game!
You have escaped!

..................% ...$
..................##...
!....................####
........#P.............P#
........#≈P...........P≈#
........#≈≈P.........P≈≈#
....?...#≈≈≈P.......P≈≈≈#
.......†#≈≈≈≈P.....P≈≈≈≈#
..?..##.#≈≈≈≈≈P.@.P≈≈≈≈≈#
.....##†#≈≈≈≈P.....P≈≈≈≈#
.....##)#≈≈≈P.......P≈≈≈#
.....##.#≈≈P.........P≈≈#
###.....#≈P...........P≈#
#...#.#P.............P#
###............########
......########### #.###..


There were no monsters in sight!

Vanquished Creatures
  A leopard gecko (D:1)
  A giant cockroach (D:1)
  A goblin (D:1)
  4 jackals (D:1)
  A bat (D:1)
  A frilled lizard (D:1)
9 creatures vanquished.

Notes
Turn   | Place    | Note
-------+----------+-------------------------------------------
     0 | D:1      | Alarkh the Demonspawn Fighter began the quest for the Orb.
     0 | D:1      | Reached XP level 1. HP: 18/18 MP: 1/1
   125 | D:1      | Gained mutation: You are slightly more attuned to the
                  | shadows. [demonic ancestry]
   125 | D:1      | Reached XP level 2. HP: 13/24 MP: 2/2
   147 | D:$      | Got out of the dungeon alive.

Levels and vault maps discovered:
D:1:      eino_arrival_druids_welcome, layout_rooms,
          minmay_misc_feat_more_columns, grunt_decor_cap

Skill      XL: |  1 |
---------------+----+-----
Long Blades    | 2 |  2.6
Fighting       | |  3.0
Armour         | |  2.6
Shields        | |  2.6

Action                   || total
-------------------------++-------
Melee: Long sword        ||    40
Armor: Scale mail        ||    30
Dodge: Dodged            ||    27
Block: Shield            ||    27
       Rpst.: Long sword ||     7

Table legend:
 A = Non-vault XP
 B = Vault XP
 C = Vault XP percentage of total XP
 D = Non-vault monster count
 E = Vault monster count
 F = Vault count percentage of total count
                 A         B        C        D         E       F
            +---------+---------+-------+---------+---------+-------
      Total |      17 |       0 |   0.0 |       9 |       0 |   0.0
            +---------+---------+-------+---------+---------+-------
        D:1 |      17 |       0 |   0.0 |       9 |       0 |   0.0
            +---------+---------+-------+---------+---------+-------
